 Dungeon Crawl Stone Soup version 0.24.1 (webtiles) character file.

Game seed: 18154779410500042670, levelgen mode: deterministic

49 lepoulpe303 the Sneak (level 3, 0/25 HPs)
             Began as an Octopode Assassin on Apr 5, 2020.
             Slain by a ball python (1 damage)
             ... on level 2 of the Dungeon.
             The game lasted 00:03:18 (922 turns).

lepoulpe303 the Sneak (Octopode Assassin)            Turns: 922, Time: 00:03:19

Health: 0/25       AC:  1    Str: 11    XL:     3   Next: 77%
Magic:  3/3        EV: 10    Int: 13    God:
Gold:   81         SH:  0    Dex: 13    Spells: 2/2 levels left

rFire    . . .     SeeInvis .   a - +2 dagger
rCold    . . .     Gourm    .   (no shield)
rNeg     . . .     Faith    .   (helmet restricted)
rPois    .         Spirit   .   (no amulet)
rElec    .         Reflect  .   (no ring)
rCorr    .         Harm     .   (no ring)
MR       .....                  (no ring)
Stlth    ++++......             (no ring)
HPRegen  0.08/turn              (no ring)
MPRegen  0.08/turn              (no ring)
                                (no ring)
                                (no ring)

@: constricted
A: almost no armour, stealthy swim, amphibious, 8 rings, constrict 8, camouflage
1, gelatinous body 1
a: no special abilities


You were on level 2 of the Dungeon.
You were not hungry.

You visited 1 branch of the dungeon, and saw 2 of its levels.

You collected 81 gold pieces.

Inventory:

Hand Weapons
 a - a +2 dagger (weapon)
Missiles
 b - 23 poisoned darts (quivered)
 c - 2 curare-tipped darts
 i - a throwing net {=f}
Armour
 k - a +1 buckler of poison resistance {rPois}
Jewellery
 f - an uncursed ring of wizardry {unknown}
 j - a +3 ring of protection {unknown}
 Q - a +5 ring of slaying {unknown}
Scrolls
 d - 2 scrolls of teleportation {unknown}
 h - a scroll of remove curse {unknown}
Potions
 g - 2 potions of magic {unknown}
 m - 2 potions of berserk rage {unknown}
 n - a potion of curing {unknown}
Comestibles
 e - 2 rations
 l - 8 chunks of flesh


   Skills:
 + Level 2.4 Fighting
 + Level 2.4 Short Blades
 + Level 2.4 Throwing
 + Level 1.6 Dodging
 + Level 5.6 Stealth
 + Level 0.7 Shields


You had 2 spell levels left.
You didn't know any spells.
Your spell library was empty.

Dungeon Overview and Level Annotations

Branches:
Dungeon (2/15)

Altars:


Innate Abilities, Weirdness & Mutations

You cannot wear most types of armour.
You are very stealthy in the water. (Stealth+)
You are amphibious.
You can wear up to eight rings at the same time.
You can use your tentacles to constrict eight enemies at once.
Your skin changes colour to match your surroundings (Stealth+).
Your rubbery body absorbs attacks. (AC +1, EV +1)


Message History

The frilled lizard hisses angrily.
The ball python hisses angrily.
You kill the frilled lizard!
You hit the gnoll. The gnoll closely misses you.
You hit the gnoll but do no damage. The gnoll hits you with a +0 club!
* * * LOW HITPOINT WARNING * * *
You take 8 damage, and have 9/25 hp.
MASSIVE DAMAGE!!
You hit the gnoll. You grab the gnoll.
You constrict the gnoll, but do no damage.
The gnoll hits you with a +0 club!
* * * LOW HITPOINT WARNING * * *
You take 8 damage, and have 1/25 hp.
MASSIVE DAMAGE!!
You release your grip on the gnoll.
There is a stone staircase leading up here.
The ball python bites you.
* * * LOW HITPOINT WARNING * * *
The ball python grabs you.
You stop ascending the stairs.
You die...

#?....(...##.# ..
#...).....##.#
...#.##......##.####
.....##............##
#.#......#........##
......#..............#
.....#......g........#
.............S.......#
##########รท..@.......#
..................#
..#...#..........##
..................#
..#...#...........#
..................#
#######...........#
...............#
###.......)...###


You could see a gnoll and a ball python.

Levels and vault maps discovered:
D:1:      minmay_arrival_checkered_box, layout_basic, minmay_pentomino_p4
D:2:      layout_rooms, lemuel_coloured_pillars_altar,
          nemelex_spade_bored_becter

Notes
Turn   | Place    | Note
-------+----------+-------------------------------------------
     0 | D:1      | lepoulpe303 the Octopode Assassin began the quest for the
                  | Orb.
     0 | D:1      | Reached XP level 1. HP: 14/14 MP: 1/1
   102 | D:1      | Reached XP level 2. HP: 19/19 MP: 2/2
   165 | D:1      | Identified a +1 buckler of poison resistance (You found it
                  | on level 1 of the Dungeon)
   406 | D:1      | Identified a +0 club
   585 | D:1      | Identified a +0 club
   826 | D:2      | Reached XP level 3. HP: 25/25 MP: 3/3
   828 | D:2      | Identified a +0 club
   829 | D:2      | lepoulpe303: !whichgod opas
   829 | D:2      | meem: 24 recent wins for opas: 6x Ashenzari, 5x Gozag, 2x
                  | Cheibriados, 2x Dithmenos, 2x Uskayaw, Yredelemnul,
                  | Hepliaklqana, Okawaru, Trog, Vehumet, Wu Jian, Elyvilon
   829 | D:2      | lepoulpe303: !whichgod --as
   829 | D:2      | meem: 510 recent wins for --as: 83x Dithmenos, 69x Gozag,
                  | 68x Okawaru, 42x Uskayaw, 38x Wu Jian, 23x Ashenzari, 20x
                  | Ru, 19x Kikubaaqudgha, 19x Makhleb, 15x Hepliaklqana, 15x
                  | Yredelemnul, 14x Trog, 14x The Shining One, 12x Qazlal, 10x
                  | Nemelex Xobeh, 9x Zin, 9x Cheibriados, 7x Fedhas, 7x Beogh,
                  | 6x, 3x Vehumet, 3x Jiyva, 2x Lugonu, 2x Elyvilon, Sif Muna
   834 | D:2      | Identified a +0 short sword
   835 | D:2      | Identified a +0 flail
   836 | D:2      | Identified a +0 flail
   901 | D:2      | Identified a +0 club
   914 | D:2      | HP: 1/25 [gnoll/+0 club (8)]
   922 | D:2      | HP: 1/25 [ball python (1)]
   922 | D:2      | Slain by a ball python

Table legend:
 A = Turns spent in this place as a percentage of turns spent in the entire game.
 B = Non-inter-level travel turns spent in this place as a percentage of non-inter-level travel turns spent in the entire game.
 C = Inter-level travel turns spent in this place as a percentage of turns spent in this place.
 D = Turns resting spent in this place as a percentage of non-inter-level travel turns spent in this place.
 E = Turns spent auto-exploring this place as a percentage of non-inter-level travel turns spent in this place.
 F = Non-inter-level travel turns spent in this place divided by the number of levels of this place that you've seen.
                   A       B       C       D       E      F
               +-------+-------+-------+-------+-------+----------------------
         Total | 100.0 | 100.0 |  12.1 |   0.0 |  75.9 | 405.0
       Dungeon | 100.0 | 100.0 |  12.1 |   0.0 |  75.9 | 405.0
               +-------+-------+-------+-------+-------+----------------------

Table legend:
 A = Kills in this place as a percentage of kills in entire the game.
 B = Kills by you in this place as a percentage of kills by you in the entire game.
 C = Kills by friends in this place as a percentage of kills by friends in the entire game.
 D = Other kills in this place as a percentage of other kills in the entire game.
 E = Experience gained in this place as a percentage of experience gained in the entire game.
 F = Experience gained in this place divided by the number of levels of this place that you have seen.
                   A       B       C       D       E      F
               +-------+-------+-------+-------+-------+----------------------
         Total | 100.0 | 100.0 |   N/A |   N/A | 100.0 |  35.5
       Dungeon | 100.0 | 100.0 |   N/A |   N/A | 100.0 |  35.5
               +-------+-------+-------+-------+-------+----------------------

Action                   || total
-------------------------++-------
Melee: Dagger            ||    38
       Tentacles         ||     3
       Constrict         ||     8
Throw: Dart              ||     4
 Stab: Sleeping          ||     9
Armor: Skin              ||     2
Dodge: Dodged            ||    19

Vanquished Creatures
  2 gnolls (D:2)
  An ooze (D:1)
  2 dart slugs (D:1)
  A leopard gecko (D:1)
  A bat (D:1)
  A giant cockroach (D:1)
  2 goblins (D:1)
  4 hobgoblins
  2 kobolds
  3 frilled lizards
  3 rats
22 creatures vanquished.
